 Dungeon Crawl Stone Soup version 0.23-a0-241-g3b46b07 (webtiles) character file.

52409 mopl the Grappler (level 14, -2/110 HPs)
             Began as a Barachi Transmuter on Sept 26, 2018.
             Was the Champion of Cheibriados.
             Slain by an orc warlord
             ... wielding a +2 battleaxe of draining
              (29 damage)
             ... on level 9 of the Dungeon.
             The game lasted 00:46:28 (15923 turns).

mopl the Grappler (Barachi Transmuter)             Turns: 15923, Time: 00:46:28

Health: -2/110     AC:  4    Str: 31    XL:     14   Next: 63%
Magic:  23/23      EV: 21    Int: 33    God:    Cheibriados [******]
Gold:   1073       SH:  0    Dex: 29    Spells: 1/25 levels left

rFire    . . .     SeeInvis +     - Unarmed
rCold    + . .     Gourm    .   (shield currently unavailable)
rNeg     . . .     Faith    +   P - +0 robe {MR+}
rPois    .         Spirit   .   b - +0 helmet
rElec    .         Reflect  .   (no cloak)
rCorr    .         Harm     .   (gloves currently unavailable)
MR       ++...                  w - +0 pair of boots
Stlth    ++........             F - amulet of faith {!P}
HPRegen  0.28/turn              B - ring of see invisible
MPRegen  0.18/turn              e - ring "Hiuwick" {+Fly rC+ Int+5}

@: blade hands, can't hop, drained, very slow
A: +LOS, swims, slowness 1, strong legs 2
a: Hop, End Transformation, Bend Time, Temporal Distortion, Slouch, Step From
Time, Renounce Religion, Evoke Flight


You were on level 9 of the Dungeon.
You worshipped Cheibriados.
Cheibriados was exalted by your worship.
You were hungry.
You had blades for hands.
You visited 4 branches of the dungeon, and saw 19 of its levels.

You collected 1127 gold pieces.
You spent 54 gold pieces at shops.

Inventory:

Missiles
 a - 487 arrows
 m - 11 tomahawks (quivered)
 I - 10 javelins
 Q - 4 throwing nets
Armour
 b - a +0 helmet (worn)
 w - a +0 pair of boots (worn)
 J - a +0 pair of gloves (melded)
 P - a +0 robe of magic resistance (worn)
 R - +0 fire dragon scales
 T - a +0 troll leather armour
Jewellery
 e - the ring "Hiuwick" (right scythe-like blade) {+Fly rC+ Int+5}
   (You found it on level 2 of the Lair of Beasts)

   [ring of flight]

   It affects your intelligence (+5).
   It protects you from cold.
   It lets you fly.
 B - a ring of see invisible (left scythe-like blade)
 F - an amulet of faith (around neck) {!P}
Wands
 j - a wand of acid (17)
 r - a wand of paralysis (33)
 K - a wand of disintegration (11)
 L - a wand of iceblast (14)
 W - a wand of flame (44)
Scrolls
 i - 6 scrolls of teleportation {unknown}
 o - 9 scrolls of remove curse
 p - 3 scrolls of enchant weapon {unknown}
 u - 3 scrolls of noise {unknown}
 x - 5 scrolls of fog
 y - a scroll of magic mapping {unknown}
 z - 4 scrolls of enchant armour {unknown}
 A - 2 scrolls of fear
 C - 4 scrolls of blinking {unknown}
 G - a scroll of silence {!r}
Potions
 g - 3 potions of agility
 l - 6 potions of flight
 n - a potion of lignification {!q}
 q - 3 potions of magic
 s - a potion of heal wounds
 v - 4 potions of curing
 H - 2 potions of resistance
Miscellaneous
 X - a phantom mirror
Comestibles
 d - 21 rations


   Skills:
 + Level 10.3(9.1) Fighting
 + Level 8.4(7.3) Throwing
 + Level 9.6(8.5) Dodging
 * Level 14.2(13.0) Unarmed Combat
 * Level 6.1(5.0) Spellcasting
 + Level 3.2(2.2) Hexes
 + Level 1.7(0.8) Translocations
 + Level 8.7(7.6) Transmutations
 - Level 3.1(2.1) Ice Magic
 + Level 0.3(0.0) Earth Magic
 - Level 2.0(1.0) Poison Magic
 * Level 11.0(9.8) Invocations


You had one spell level left.
You knew the following spells:

 Your Spells              Type           Power        Failure   Level  Hunger
a - Confusing Touch       Hex            ###...       21%         1    None
b - Spider Form           Tmut/Pois      #####.....   22%         3    None
c - Blade Hands           Tmut           ######....   36%         5    #####..
d - Ice Form              Ice/Tmut       #####...     36%         4    ###....
e - Blink                 Tloc           N/A          32%         2    None
p - Passwall              Tmut/Erth      ####....     19%         2    None
w - Sticks to Snakes      Tmut           ######..     10%         2    None
y - Yara's Violent Unrav  Hex/Tmut       #####.....   58%         5    #####..

Your spell library contained the following spells:

 Spells                   Type           Power        Failure   Level  Hunger
 Beastly Appendage        Tmut           ######       9%          1    None
 Magic Dart               Conj           #...         32%         1    None
 Sandblast                Erth           #.....       32%         1    None
 Slow                     Hex            ###.....     24%         2    None
 Confuse                  Hex            ###.....     34%         3    None
 Call Imp                 Summ           #.......     38%         2    None
 Gell's Gravitas          Tloc           ##........   45%         3    None
 Petrify                  Tmut/Erth      ####....     45%         4    ###....
 Mephitic Cloud           Conj/Pois/Air  ##......     50%         3    None
 Conjure Flame            Conj/Fire      #.......     54%         3    None
 Stone Arrow              Conj/Erth      #.....       54%         3    None
 Metabolic Englaciation   Hex/Ice        ###.......   85%         5    #####..
 Lee's Rapid Deconstruct  Erth           #.........   98%         5    #####..


Dungeon Overview and Level Annotations

Branches:
Dungeon (11/15)            Temple (1/1) D:4            Lair (6/6) D:8
  Swamp (0/4) Lair:2        Snake (0/4) Lair:4        Slime (0/5) Lair:6
    Orc (1/2) D:9

Altars:
Ashenzari
Cheibriados
Dithmenos
Elyvilon
Fedhas
Gozag
Hepliaklqana
Kikubaaqudgha
Makhleb
Nemelex Xobeh
Okawaru
Qazlal
Ru
Sif Muna
Trog
Uskayaw
Vehumet
Wu Jian
Xom
Yredelemnul
Zin
The Shining One
Beogh

Shops:
D:5 =

Portals:
Trove: D:10 (give +7 demon blade)


Innate Abilities, Weirdness & Mutations

Shadows flee at your approach. (+LOS)
You can swim through water.
You cover ground slowly.
You can hop long distances.


Message History

It was a scroll of fear.
The orc warlord hits you with a battleaxe of draining!!
* * * LOW HITPOINT WARNING * * *
You feel drained.
* * * LOW HITPOINT WARNING * * *
You feel much better. The orc warlord closely misses you.
As you read the scroll of fear, it crumbles to dust.
You assume a fearsome visage.
The orc warlord resists with some effort.
The orc warlord hits you with a battleaxe of draining!!
* * * LOW HITPOINT WARNING * * *
You feel drained.
* * * LOW HITPOINT WARNING * * *
As you read the scroll of fear, it crumbles to dust.
You assume a fearsome visage.
The orc warlord easily resists.
As you read the scroll of fear, it crumbles to dust.
You assume a fearsome visage.
The orc warlord resists with some effort.
The orc warlord hits you with a battleaxe of draining!!
You die...

[......#.......# #..........#
.......#.......# #..........#####
.......#.......# #......[.......#
.......#.......# #..........###..
.......#.......# #...............
.......#.......# #.###...........
.......#.......###.# #...........
.................o.# #...........
.........)......@..# #...........
...................# #..........#
.......>...........# #.....>....#
..........)........# #.....o....#
.....)....)........###..........#
..........###...................#
.......)..# #...................#
..........# #...................#
..........# #...........).......#


You could see an orc warlord.

Vanquished Creatures
  Rupert (Lair:3)
  Gastronok (Lair:3)
  Snorg (Lair:5)
  A fire dragon (Lair:6)
  Fannar (D:11)
  An ice dragon (D:11)
  Harold (Lair:2)
  4 hydras
  3 death yaks (D:8)
  3 two-headed ogres
  Urug (Lair:6)
  Nergalle (D:11)
  An unseen horror (D:10)
  2 lindwurms
  2 oklob plants
  6 elephants (Lair:5)
  A cyclops (D:11)
  7 black mambas
  10 spiny frogs
  2 molten gargoyles (Lair:6)
  A centaur skeleton (D:10)
  4 rime drakes
  8 komodo dragons
  3 trolls
  4 polar bears
  Grinder (D:4)
  A hornet (D:8)
  15 blink frogs
  5 hippogriffs
  Sigmund (D:6)
  A shadow (D:11)
  A wraith (D:11)
  A vampire (D:11)
  41 yaks
  Grum (D:8)
  3 wyverns (Lair:6)
  3 steam dragons
  2 basilisks
  Edmund (D:4)
  4 nagas (Lair:4)
  An acid dragon (D:9)
  6 water moccasins
  4 porcupines
  4 hell hounds (Lair:6)
  6 orc warriors
  2 eyes of draining
  2 ice beasts
  2 ogres
  A black bear (Lair:2)
  3 phantoms
  21 wolves
  10 crocodiles
  17 centaurs
  2 big kobolds
  Blork the orc (D:4)
  13 bullfrogs
  A wyvern zombie (D:11)
  A wyvern skeleton (D:11)
  4 scorpions
  5 killer bees (D:7)
  3 electric eels (Lair:4)
  10 wights
  2 bullfrog zombies (D:9)
  2 howler monkeys
  5 lava snakes (Lair:6)
  3 crimson imps
  3 hounds
  4 orc priests
  2 jellies
  A gnoll shaman (D:7)
  Terence (D:2)
  Natasha (thrice) (D:2)
  3 iguanas
  10 orc wizards
  8 worker ants
  A hound zombie (D:9)
  A hound skeleton (D:5)
  3 worker ant zombies
  10 gnolls
  12 adders
  A shadow imp (D:7)
  An ooze (D:2)
  A dart slug (D:1)
  7 leopard geckos
  38 orcs
  3 bats
  A giant cockroach (D:2)
  2 gnoll zombies (D:5)
  9 goblins
  9 hobgoblins
  13 jackals
  18 kobolds
  5 quokkas
  3 frilled lizards
  2 quokka zombies
  4 rats
  A butterfly (Lair:2)
  A plant (Lair:3)
463 creatures vanquished.

Vanquished Creatures (collateral kills)
  A phantom (D:5)
  A jackal (D:1)
2 creatures vanquished.

Vanquished Creatures (others)
  2 orc priests (D:4)
  3 orcs (D:4)
  A quokka (D:4)
  A bush (Lair:6)
  22 fungi
  19 plants (Lair:6)
48 creatures vanquished.

Grand Total: 513 creatures vanquished

Notes
Turn   | Place    | Note
-------+----------+-------------------------------------------
     0 | D:1      | mopl the Barachi Transmuter began the quest for the Orb.
     0 | D:1      | Reached XP level 1. HP: 15/15 MP: 3/3
   190 | D:1      | Reached XP level 2. HP: 18/21 MP: 3/5
   194 | D:1      | Learned a level 2 spell: Sticks to Snakes
   564 | D:1      | Reached XP level 3. HP: 17/26 MP: 3/6
   573 | D:1      | Learned a level 3 spell: Spider Form
   607 | D:1      | Reached skill level 4 in Unarmed Combat
  1295 | D:2      | Noticed Natasha
  1380 | D:2      | Killed Natasha
  1380 | D:2      | Reached skill level 3 in Transmutations
  1380 | D:2      | Reached skill level 1 in Poison Magic
  1380 | D:2      | Reached XP level 4. HP: 23/32 MP: 2/8
  1475 | D:2      | Noticed Natasha
  1492 | D:2      | Killed Natasha
  1492 | D:2      | Reached skill level 3 in Spellcasting
  1533 | D:2      | Noticed Natasha
  1685 | D:2      | Killed Natasha
  1685 | D:2      | Reached XP level 5. HP: 27/37 MP: 2/9
  1712 | D:2      | Found a sparkling altar of Nemelex Xobeh.
  1736 | D:2      | Found a shimmering altar of Xom.
  2042 | D:2      | Reached skill level 5 in Unarmed Combat
  2154 | D:2      | Noticed Terence
  2155 | D:2      | Found a shadowy altar of Dithmenos.
  2163 | D:2      | Killed Terence
  2268 | D:3      | Found a shattered altar of Ashenzari.
  2557 | D:3      | Reached skill level 2 in Poison Magic
  2822 | D:3      | Found a bloodstained altar of Trog.
  2961 | D:4      | Reached XP level 6. HP: 42/43 MP: 11/11
  2967 | D:4      | Learned a level 4 spell: Ice Form
  3014 | D:4      | Noticed Grinder
  3044 | D:4      | Killed Grinder
  3044 | D:4      | Reached skill level 6 in Unarmed Combat
  3044 | D:4      | Reached skill level 4 in Transmutations
  3044 | D:4      | Reached skill level 1 in Ice Magic
  3044 | D:4      | Reached XP level 7. HP: 32/48 MP: 12/12
  3113 | D:4      | Reached skill level 2 in Ice Magic
  3136 | D:4      | Found a white marble altar of Elyvilon.
  3139 | D:4      | Noticed Edmund
  3315 | D:4      | Noticed Blork the orc
  3321 | D:4      | Reached skill level 4 in Spellcasting
  3333 | D:4      | Killed Blork the orc
  3468 | D:4      | Killed Edmund
  3468 | D:4      | Reached skill level 3 in Ice Magic
  3675 | D:4      | Found a staircase to the Ecumenical Temple.
  3685 | Temple   | Entered the Ecumenical Temple
  3765 | Temple   | Became a worshipper of Cheibriados the Contemplative
  3862 | D:5      | Entered Level 5 of the Dungeon
  4114 | D:5      | Reached skill level 7 in Unarmed Combat
  4114 | D:5      | Reached XP level 8. HP: 7/54 MP: 14/14
  4270 | D:5      | Found Miemn's Jewellery Shop.
  4273 | D:5      | Bought a cursed ring of attention for 54 gold pieces
  4296 | D:5      | Reached skill level 1 in Invocations
  4325 | D:5      | Found an iron altar of Okawaru.
  4467 | D:5      | Reached skill level 5 in Transmutations
  4508 | D:5      | Reached skill level 2 in Fighting
  4508 | D:5      | Reached skill level 1 in Throwing
  4771 | D:5      | Reached * piety under Cheibriados
  4771 | D:5      | Reached skill level 2 in Invocations
  4807 | D:5      | Found a basalt altar of Yredelemnul.
  5021 | D:6      | Reached skill level 3 in Dodging
  5084 | D:6      | Noticed Sigmund
  5098 | D:6      | Killed Sigmund
  5098 | D:6      | Reached skill level 3 in Fighting
  5098 | D:6      | Reached skill level 2 in Throwing
  5140 | D:6      | Reached skill level 8 in Unarmed Combat
  5140 | D:6      | Reached skill level 3 in Invocations
  5140 | D:6      | Reached XP level 9. HP: 57/64 MP: 15/15
  5141 | D:6      | Reached ** piety under Cheibriados
  5260 | D:6      | Found a glowing golden altar of the Shining One.
  5752 | D:7      | Reached skill level 4 in Dodging
  5758 | D:7      | Reached *** piety under Cheibriados
  5782 | D:7      | Reached skill level 4 in Fighting
  5782 | D:7      | Reached skill level 4 in Invocations
  5786 | D:7      | Reached skill level 3 in Throwing
  5786 | D:7      | Reached skill level 6 in Transmutations
  5892 | D:7      | Found an opulent altar of Gozag.
  5979 | D:7      | Found a stormy altar of Qazlal.
  6095 | D:8      | Noticed a death yak
  6097 | D:8      | Noticed a death yak
  6098 | D:8      | Noticed a death yak
  6099 | D:8      | Reached skill level 9 in Unarmed Combat
  6108 | D:7      | Learned a level 5 spell: Blade Hands
  6131 | D:8      | Noticed Grum
  6178 | D:8      | Killed Grum
  6200 | D:8      | Noticed a hornet
  6207 | D:8      | Killed a hornet
  6207 | D:8      | Reached XP level 10. HP: 73/73 MP: 16/16
  6404 | D:8      | Reached skill level 5 in Invocations
  6473 | D:8      | Reached **** piety under Cheibriados
  6511 | D:8      | Reached skill level 5 in Fighting
  6542 | D:8      | Got a crystal whip {holy}
  6599 | D:8      | Identified the +10 whip "Idah" {holy, *Slow rC+ rN+ Int+3}
                  | (You took it off an orc on level 8 of the Dungeon)
  6607 | D:8      | Found a staircase to the Lair.
  6619 | D:8      | Killed a death yak
  6619 | D:8      | Reached skill level 4 in Throwing
  6619 | D:8      | Reached skill level 5 in Dodging
  6755 | D:8      | Killed a death yak
  6755 | D:8      | Reached skill level 10 in Unarmed Combat
  6768 | D:8      | Killed a death yak
  6768 | D:8      | Reached skill level 7 in Transmutations
  6768 | D:8      | Reached skill level 6 in Invocations
  7052 | D:9      | Reached skill level 6 in Fighting
  7052 | D:9      | Reached XP level 11. HP: 25/81 MP: 16/17
  7055 | D:9      | HP: 2/81 [something (7)]
  7507 | D:9      | Reached ***** piety under Cheibriados
  7668 | D:9      | Found a staircase to the Orcish Mines.
  7673 | D:9      | Reached skill level 6 in Dodging
  7722 | D:9      | Reached skill level 5 in Throwing
  7773 | D:8      | Found a glowing silver altar of Zin.
  7994 | D:10     | Entered Level 10 of the Dungeon
  8105 | D:10     | Noticed a two-headed ogre
  8113 | D:10     | Killed a two-headed ogre
  8113 | D:10     | Reached skill level 7 in Invocations
  8131 | D:10     | Noticed a two-headed ogre
  8137 | D:10     | Killed a two-headed ogre
  8137 | D:10     | Reached skill level 11 in Unarmed Combat
  8180 | D:10     | Noticed an unseen horror
  8188 | D:10     | Killed an unseen horror
  8244 | D:10     | Found a portal to a secret trove of treasure.
  8390 | D:10     | Reached skill level 7 in Fighting
  8511 | D:10     | Reached skill level 8 in Transmutations
  9077 | D:11     | Reached ****** piety under Cheibriados
  9106 | D:11     | Reached XP level 12. HP: 75/91 MP: 13/18
  9310 | D:11     | Noticed Nergalle
  9317 | D:11     | Killed Nergalle
  9317 | D:11     | Reached skill level 6 in Throwing
  9317 | D:11     | Reached skill level 7 in Dodging
  9317 | D:11     | Reached skill level 8 in Invocations
  9332 | D:11     | Noticed Fannar
  9350 | D:11     | Killed Fannar
  9554 | D:11     | Noticed a two-headed ogre
  9568 | D:11     | Killed a two-headed ogre
  9568 | D:11     | Reached skill level 12 in Unarmed Combat
  9694 | D:11     | Noticed an ice dragon
  9708 | D:11     | Killed an ice dragon
  9708 | D:11     | Reached skill level 8 in Fighting
 10050 | Lair:1   | Entered Level 1 of the Lair of Beasts
 10159 | Lair:1   | Got an ancient war axe
 10273 | Lair:1   | Noticed a five-headed hydra
 10279 | Lair:1   | Killed a five-headed hydra
 10940 | Lair:1   | Identified the +1 war axe of Action {speed, rElec Str-5
                  | Int+2 Dex+3} (You found it on level 1 of the Lair of
                  | Beasts)
 11009 | Lair:2   | Got a twitching steel ring
 11011 | Lair:2   | Identified the ring "Hiuwick" {+Fly rC+ Int+5} (You found
                  | it on level 2 of the Lair of Beasts)
 11016 | Lair:2   | Noticed a five-headed hydra
 11022 | Lair:2   | Killed a five-headed hydra
 11022 | Lair:2   | Reached skill level 9 in Invocations
 11213 | Lair:2   | Found a deep blue altar of Sif Muna.
 11221 | Lair:2   | Reached skill level 8 in Dodging
 11251 | Lair:2   | Noticed a four-headed hydra
 11267 | Lair:2   | Killed a four-headed hydra
 11268 | Lair:2   | Found a staircase to the Swamp.
 11289 | Lair:2   | Reached skill level 7 in Throwing
 11495 | Lair:2   | Gained mutation: You can hop long distances. [Barachi
                  | growth]
 11495 | Lair:2   | Reached XP level 13. HP: 99/99 MP: 12/20
 11506 | Lair:2   | Noticed Harold
 11519 | Lair:2   | Killed Harold
 11807 | Lair:2   | Reached skill level 9 in Fighting
 11807 | Lair:2   | Reached skill level 13 in Unarmed Combat
 12068 | Lair:3   | Noticed Rupert
 12084 | Lair:3   | Killed Rupert
 12210 | Lair:3   | Noticed Gastronok
 12227 | Lair:3   | Killed Gastronok
 12658 | Lair:3   | Reached skill level 10 in Invocations
 12878 | Lair:4   | Found a staircase to the Snake Pit.
 12917 | Lair:4   | Reached skill level 9 in Dodging
 12997 | Lair:4   | Learned a level 5 spell: Yara's Violent Unravelling
 13080 | Lair:4   | Learned a level 1 spell: Confusing Touch
 13775 | Lair:5   | Reached skill level 1 in Hexes
 13969 | Lair:5   | Reached skill level 8 in Throwing
 13997 | Lair:5   | Reached XP level 14. HP: 82/109 MP: 16/21
 14102 | Lair:5   | Noticed Snorg
 14113 | Lair:5   | Killed Snorg
 14113 | Lair:5   | Reached skill level 2 in Hexes
 14144 | Lair:5   | Reached skill level 5 in Spellcasting
 14386 | Lair:6   | Entered Level 6 of the Lair of Beasts
 14466 | Lair:6   | Reached skill level 10 in Fighting
 14570 | Lair:6   | Reached skill level 14 in Unarmed Combat
 14647 | Lair:6   | Learned a level 2 spell: Blink
 14848 | Lair:6   | Noticed Urug
 14863 | Lair:6   | Killed Urug
 14863 | Lair:6   | Reached skill level 1 in Translocations
 15035 | Lair:6   | Reached skill level 3 in Hexes
 15260 | Lair:6   | Found a staircase to the Slime Pits.
 15369 | Lair:6   | Reached skill level 6 in Spellcasting
 15370 | Lair:6   | Found a large runed door.
 15371 | Lair:6   | Found a large runed door.
 15567 | Lair:6   | Reached skill level 11 in Invocations
 15702 | Lair:5   | Learned a level 2 spell: Passwall
 15896 | Orc:1    | Entered Level 1 of the Orcish Mines
 15896 | Orc:1    | Found a roughly hewn altar of Beogh.
 15900 | Orc:1    | Noticed an orc warlord
 15923 | D:9      | Slain by an orc warlord

Vault maps used:
D:1:      lemuel_arrival_rhombus
D:2:      lemuel_round_altar, xom_butterflies,
          nicolae_dithmenos_through_a_glass_darkly, uniq_natasha, uniq_terence
D:3:      lightli_temple_of_fire, cheibrodos_ashenzari_chains
D:4:      elyvilon_altar_4, lemuel_temple_firewalk_b, uniq_grinder, uniq_edmund,
          uniq_blork_the_orc
D:5:      lemuel_zombie_altar_yredelemnul, okawaru_trees_2, serial_shops,
          kennysheep_mini, first_ration, hangedman_abyss_or_decor_lesser_grid
D:6:      nicolae_tso_swordbearing_angel, uniq_sigmund
D:7:      grunt_qazlal_sundering, basic_altar
D:8:      nicolae_overflow_hidden_temple, dpeg_lair_monsters, uniq_grum
D:9:      david_orc_3
D:10:     nicolae_trove_entry_diagonal
D:11:     portal_ice_cave_entry_animals_and_master, uniq_nergalle, uniq_fannar
Temple:   minmay_temple_curvy_loop
Lair:1:   grunt_megastairs_5, infiniplex_staircase_pool
Lair:2:   swamp_mist, minivault_25, lemuel_oklob_altar, lemuel_fruit_fields,
          uniq_harold
Lair:3:   minmay_lair_oklob_chamber, infiniplex_staircase_pool_2,
          uniq_gastronok, uniq_rupert
Lair:4:   guppyfry_snake_entry_island, lookout_lair_type, serial_bayou_shore_a
Lair:5:   beast_lair_carwin_large_2, grunt_megastairs_4, uniq_snorg
Lair:6:   cheibrodos_lair_end_hotspot, dpeg_slime_entry_corner,
          serial_bayou_pond_c, st_stairs_9, small_statue_intersection, uniq_urug
Orc:1:    basic_altar, ebering_ghost_xom, led_sif_book

Skill      XL: |  1  2  3  4  5  6  7  8  9 10 11 12 13 14 |
---------------+-------------------------------------------+-----
Unarmed Combat | 4 5 6 7 8 9 10 11 12 13 14 | 14.2
Transmutations | 3 4 5 6 7 8 |  8.7
Poison Magic   | 1 2 |  2.0
Spellcasting   | 3 4 6 |  6.1
Ice Magic      | 1 3 |  3.1
Invocations    | 3 4 6 7 9 10 11 | 11.0
Fighting       | 3 4 6 7 8 9 10 | 10.3
Throwing       | 2 3 4 5 7 8 |  8.4
Dodging        | 3 4 5 6 8 9 |  9.6
Hexes          | 1 3 |  3.2
Translocations | 1 |  1.7
Earth Magic    | |  0.3

Action                   |  1- 3 |  4- 6 |  7- 9 | 10-12 | 13-15 || total
-------------------------+-------+-------+-------+-------+-------++-------
Melee: Unarmed           |    70 |   138 |   331 |   442 |   357 ||  1338
       Headbutt          |     7 |     5 |     6 |       |       ||    18
       Kick              |     1 |       |       |       |       ||     1
       Punch             |     2 |       |     5 |    31 |    37 ||    75
Throw: Stone             |       |       |     3 |     8 |       ||    11
       Tomahawk          |       |       |       |    21 |    11 ||    32
 Cast: Beastly Appendage |    13 |    11 |     4 |       |       ||    28
       Sticks to Snakes  |     1 |     1 |     2 |       |       ||     4
       Spider Form       |     1 |     8 |    29 |    11 |       ||    49
       Ice Form          |       |       |     3 |     7 |    12 ||    22
       Blade Hands       |       |       |       |    23 |    24 ||    47
       Blink             |       |       |       |       |     1 ||     1
Invok: Temporal Distorti |       |       |       |     1 |       ||     1
       Slouch            |       |       |       |       |     4 ||     4
 Abil: End Transformatio |       |     1 |     3 |     3 |     7 ||    14
       Hop               |       |       |     1 |     1 |     4 ||     6
Evoke: Wand              |       |       |       |       |    10 ||    10
  Use: Scroll            |       |       |     8 |     5 |    10 ||    23
       Potion            |       |       |     2 |     1 |     3 ||     6
 Stab: Distracted        |     1 |     1 |       |       |     2 ||     4
       Sleeping          |     1 |     1 |     2 |     3 |     1 ||     8
  Eat: Chunk             |     2 |     8 |    10 |    21 |    17 ||    58
       Ration            |       |       |     1 |       |       ||     1
Armor: Robe              |    14 |    23 |    10 |    28 |     7 ||    82
       Skin              |       |    10 |     9 |     8 |     6 ||    33
       Troll leather arm |       |       |       |       |    19 ||    19
Dodge: Dodged            |    53 |    95 |   259 |   421 |   282 ||  1110

Table legend:
 A = Non-vault XP
 B = Vault XP
 C = Vault XP percentage of total XP
 D = Non-vault monster count
 E = Vault monster count
 F = Vault count percentage of total count
                 A         B        C        D         E       F
            +---------+---------+-------+---------+---------+-------
      Total |   43739 |   31132 |  41.6 |     379 |      84 |  18.1
            +---------+---------+-------+---------+---------+-------
        D:1 |      78 |       0 |   0.0 |      23 |       0 |   0.0
        D:2 |     125 |      71 |  36.2 |      22 |       2 |   8.3
        D:3 |      46 |       0 |   0.0 |      15 |       0 |   0.0
        D:4 |     230 |     546 |  70.4 |      15 |       3 |  16.7
        D:5 |     631 |       4 |   0.6 |      18 |       2 |  10.0
        D:6 |    1162 |     223 |  16.1 |      28 |       1 |   3.4
        D:7 |     531 |     234 |  30.6 |      14 |       2 |  12.5
        D:8 |    1201 |    3851 |  76.2 |      25 |       9 |  26.5
        D:9 |    2379 |     199 |   7.7 |      36 |       9 |  20.0
       D:10 |    5286 |       0 |   0.0 |      28 |       0 |   0.0
       D:11 |    4885 |    4578 |  48.4 |      38 |      11 |  22.4
     Lair:1 |     551 |     935 |  62.9 |       4 |       1 |  20.0
     Lair:2 |    5332 |    1525 |  22.2 |      15 |       2 |  11.8
     Lair:3 |    2156 |    5488 |  71.8 |      11 |       3 |  21.4
     Lair:4 |    4492 |     634 |  12.4 |      29 |       4 |  12.1
     Lair:5 |    4963 |    4318 |  46.5 |      17 |       8 |  32.0
     Lair:6 |    9126 |    8526 |  48.3 |      37 |      27 |  42.2
      Orc:1 |     565 |       0 |   0.0 |       4 |       0 |   0.0
            +---------+---------+-------+---------+---------+-------
